 Dungeon Crawl Stone Soup version 0.23.2-40-g277498a001 (webtiles) character file.

Game seed: 760590707655247624

576 kmxkm the Magician (level 7, -3/46 HPs)
             Began as an Octopode Wizard on Aug 24, 2019.
             Slain by an ice beast (11 damage)
             ... while paralysed by Ijyb
             ... on level 5 of the Dungeon.
             The game lasted 00:10:14 (7892 turns).

kmxkm the Magician (Octopode Wizard)                Turns: 7892, Time: 00:10:15

Health: -3/46      AC:  1    Str:  6    XL:     7   Next: 35%
Magic:  14/14      EV:  2    Int: 22    God:
Gold:   290        SH:  0    Dex: 11    Spells: 4/15 levels left

rFire    . . .     SeeInvis .   l - +2 short sword (holy)
rCold    . . .     Gourm    .   r - +0 buckler
rNeg     . . .     Faith    .   a - +0 hat
rPois    .         Spirit   .   (no amulet)
rElec    .         Reflect  .   v - ring of stealth
rCorr    .         Harm     .   (no ring)
MR       .....                  (no ring)
Stlth    ++++......             (no ring)
HPRegen  0.15/turn              (no ring)
MPRegen  0.14/turn              (no ring)
                                (no ring)
                                (no ring)

@: paralysed
A: almost no armour, stealthy swim, amphibious, 8 rings, constrict 8, camouflage
1, gelatinous body 1
a: no special abilities


You were on level 5 of the Dungeon.
You were very hungry.

You visited 1 branch of the dungeon, and saw 5 of its levels.

You collected 290 gold pieces.

Inventory:

Hand Weapons
 f - a +0 short sword
 h - a cursed -1 hunting sling
 l - a +2 short sword of holy wrath (weapon)
 s - a cursed -3 dagger
Missiles
 d - 8 javelins of penetration (quivered)
 j - 30 sling bullets
Armour
 a - a +0 hat (worn)
 r - a +0 buckler (worn)
Jewellery
 v - a ring of stealth (left tentacle)
Scrolls
 e - 4 scrolls of identify {unknown}
 g - a scroll of immolation {unknown}
 k - 3 scrolls of remove curse {unknown}
 p - 3 scrolls of teleportation {unknown}
 u - 2 scrolls of magic mapping {unknown}
 w - a scroll of blinking {unknown}
 x - a scroll of fog {unknown}
 y - a scroll of noise {unknown}
Potions
 b - 2 potions of curing
 i - a potion of might {unknown}
 m - a potion of lignification {unknown}
 n - a potion of mutation {unknown}
 o - a potion of degeneration {unknown}
 q - a potion of cancellation {unknown}
 t - a potion of invisibility {unknown}
 z - a potion of brilliance {unknown}
Comestibles
 c - 4 rations


   Skills:
 + Level 3.3 Fighting
 + Level 4.0 Dodging
 - Level 2.9 Stealth
 + Level 2.4 Shields
 * Level 4.9 Spellcasting
 + Level 2.3 Conjurations
 - Level 1.0 Summonings
 - Level 1.0 Translocations


You had 4 spell levels left.
You knew the following spells:

 Your Spells              Type           Power        Failure   Level  Hunger
a - Magic Dart            Conj           ###.         4%          1    None
b - Blink                 Tloc           N/A          12%         2    None
c - Call Imp              Summ           #.......     12%         2    None
d - Conjure Flame         Conj/Fire      ##......     24%         3    ##.....
e - Mephitic Cloud        Conj/Pois/Air  #.......     26%         3    ##.....

Your spell library contained the following spells:

 Spells                   Type           Power        Failure   Level  Hunger
 Slow                     Hex            #.......     19%         2    None


Dungeon Overview and Level Annotations

Branches:
Dungeon (5/15)
 Temple: D:4-7

Altars:
Makhleb
Okawaru
Wu Jian

Annotations:
D:5 Ijyb


Innate Abilities, Weirdness & Mutations

You cannot wear most types of armour.
You are very stealthy in the water. (Stealth+)
You are amphibious.
You can wear up to eight rings at the same time.
You can use your tentacles to constrict eight enemies at once.
Your skin changes colour to match your surroundings (Stealth+).
Your rubbery body absorbs attacks. (AC +1, EV +1)


Message History

Magic restored.
You start waiting.
You are feeling very hungry.
There is a stone staircase leading down here.
You climb downwards.
Level annotation: Ijyb
There is a stone staircase leading up here.
Ijyb zaps a wand.
You resist with some effort.
Found two stone staircases leading down.
Ijyb zaps a wand.
You resist with some effort.
Ijyb zaps a wand.
You suddenly lose the ability to move!
Ijyb zaps a wand.
You resist with some effort. The ice beast hits you. The ice beast freezes you!
The ice beast hits you. The ice beast freezes you! The ice beast hits you.
The ice beast freezes you!
* * * LOW HITPOINT WARNING * * *
The ice beast hits you.
* * * LOW HITPOINT WARNING * * *
The ice beast freezes you!
You die...

##.##.###(#
#(##.# #g#
#(##.# #.#
.######.##.###.#
.......<)<.....#
#..###..g......#
#$............
#.#Y.......###
..##@.........
#.# #.........##
#. ...........#
. ..>........#
.# #......>.>.
.# #######.##.
.# #


You could see an ice beast and Ijyb.

Vanquished Creatures
  A hound zombie (D:5)
  5 adders
  2 oozes
  A worm (D:4)
  4 dart slugs
  3 orcs (D:3)
  7 bats
  2 giant cockroaches
  8 goblins
  6 hobgoblins
  4 jackals
  6 kobolds
  A quokka (D:3)
  A frilled lizard (D:2)
  11 rats
62 creatures vanquished.

Vanquished Creatures (collateral kills)
  Purgy (D:4)
  A phantom (D:4)
  2 ogres (D:4)
  A centaur (D:5)
  A howler monkey (D:4)
  A crimson imp (D:5)
  2 hounds (D:4)
  Jessica (D:2)
  2 worker ants
  A hound skeleton (D:4)
  8 gnolls
  3 adders
  2 worms
  A dart slug (D:4)
  3 jackals
  A quokka (D:4)
  A goblin (D:2)
32 creatures vanquished.

Vanquished Creatures (others)
  A plant (D:4)
1 creature vanquished.

Grand Total: 95 creatures vanquished

Notes
Turn   | Place    | Note
-------+----------+-------------------------------------------
     0 | D:1      | kmxkm the Octopode Wizard began the quest for the Orb.
     0 | D:1      | Reached XP level 1. HP: 11/11 MP: 4/4
   392 | D:1      | Reached XP level 2. HP: 15/18 MP: 0/6
   623 | D:1      | Reached skill level 1 in Fighting
   832 | D:1      | Learned a level 2 spell: Blink
   835 | D:1      | Learned a level 2 spell: Call Imp
   872 | D:1      | Reached XP level 3. HP: 14/23 MP: 0/7
  1781 | D:2      | Noticed Jessica
  1791 | D:2      | Killed Jessica
  1791 | D:2      | Reached XP level 4. HP: 29/29 MP: 2/9
  2605 | D:2      | Found an ornate altar of the Wu Jian Council.
  2926 | D:3      | Found an iron altar of Okawaru.
  3280 | D:3      | Learned a level 3 spell: Conjure Flame
  3377 | D:3      | Reached XP level 5. HP: 23/34 MP: 4/10
  3672 | D:3      | Reached skill level 1 in Shields
  4111 | D:3      | Found a burning altar of Makhleb.
  4550 | D:4      | Noticed an ogre
  4559 | D:4      | Killed an ogre
  4559 | D:4      | Reached XP level 6. HP: 41/41 MP: 2/12
  4697 | D:4      | Noticed Purgy
  4714 | D:4      | Killed Purgy
  5636 | D:4      | Noticed a phantom
  5952 | D:5      | Entered Level 5 of the Dungeon
  6119 | D:5      | Noticed Ijyb
  6335 | D:4      | Learned a level 3 spell: Mephitic Cloud
  6653 | D:4      | Reached XP level 7. HP: 46/46 MP: 7/14
  7886 | D:5      | Paralysed by Ijyb for 7 turns
  7892 | D:5      | Slain by an ice beast

Skill      XL: |  1  2  3  4  5  6  7 |
---------------+----------------------+-----
Fighting       | 1 2 3 |  3.3
Dodging        | 3 4 |  4.0
Shields        | 1 2 |  2.4
Spellcasting   | 4 |  4.9
Conjurations   | 2 |  2.3
Stealth        | |  2.9
Summonings     | |  1.0
Translocations | |  1.0

Action                   |  1- 3 |  4- 6 |  7- 9 || total
-------------------------+-------+-------+-------++-------
Melee: Unarmed           |    12 |       |       ||    12
       Constrict         |    12 |     5 |       ||    17
       Tentacles         |     5 |     2 |     2 ||     9
       Short sword       |    20 |    15 |     8 ||    43
 Cast: Magic Dart        |    48 |   107 |    13 ||   168
       Call Imp          |     8 |    51 |    12 ||    71
       Blink             |       |     1 |       ||     1
       Conjure Flame     |       |     1 |     2 ||     3
  Use: Potion            |     1 |     1 |       ||     2
       Scroll            |       |     1 |       ||     1
  Eat: Chunk             |     3 |     9 |     2 ||    14
       Ration            |       |     2 |       ||     2
Armor: Skin              |     4 |     8 |       ||    12
Dodge: Dodged            |    22 |    48 |     7 ||    77
